 Dungeon Crawl Stone Soup version 0.17.0-9-g801d43b (webtiles) character file.

212 dorian the Distorting Orc (level 5, -1/45 HPs)
             Began as a Hill Orc Abyssal Knight on Nov 9, 2015.
             Was a Believer of Lugonu.
             Slain by Uberwunderbarhen's ghost (8 damage)
             ... on level 5 of the Dungeon.
             The game lasted 00:07:16 (3508 turns).

dorian the Distorting Orc (Hill Orc Abyssal Knight) Turns: 3508, Time: 00:07:16

Health: -1/45      AC: 10    Str: 16    XL:     5   Next: 89%
Magic:  7/8        EV:  7    Int: 12    God:    Lugonu [**....]
Gold:   128        SH:  0    Dex: 10    Spells: 0 memorised, 4 levels left

rFire  . . .     SeeInvis .     a - +1 hand axe
rCold  . . .     Clarity  .     s - +1 chain mail
rNeg   . . .     SustAt   +     (no shield)
rPois  .         Gourm    .     (no helmet)
rElec  .         Spirit   .     (no cloak)
rCorr  .         Warding  .     (no gloves)
rMut   .         Stasis   .     (no boots)
MR     .....                    (no amulet)
Stlth  ..........               (no ring)
                                h - ring of sustain attributes

@: not resistant to hostile enchantments, extremely unstealthy
A: no striking features
a: Depart the Abyss, Bend Space, Renounce Religion


You were on level 5 of the Dungeon.
You worshipped Lugonu.
Lugonu was pleased with you.
You were hungry.

You visited 1 branch of the dungeon, and saw 5 of its levels.
You visited the Abyss 1 time.

You collected 128 gold pieces.

Inventory:

Hand Weapons
 a - a +1 hand axe (weapon)
Missiles
 o - 2 tomahawks (quivered)
Armour
 b - a +0 leather armour
 s - a +1 chain mail (worn)
Jewellery
 h - a ring of sustain attributes (left hand)
Wands
 w - a wand of digging (9)
Scrolls
 g - 4 scrolls of identify
 i - 4 scrolls of enchant armour
 j - a scroll of magic mapping
 p - 2 scrolls of teleportation {unknown}
 r - 3 scrolls of remove curse {unknown}
 u - a scroll of blinking
 v - a scroll of immolation {unknown}
Potions
 k - a potion of magic {unknown}
 l - a potion of mutation {unknown}
 m - a potion of invisibility {unknown}
 q - a potion of might {unknown}
 t - a potion of beneficial mutation {unknown}
Comestibles
 c - a bread ration
 d - 5 meat rations


   Skills:
 - Level 3.6 Fighting
 + Level 4.6 Axes
 + Level 4.2 Armour
 - Level 0.7 Dodging
 * Level 5.0 Invocations


You had 4 spell levels left.
You didn't know any spells.

Dungeon Overview and Level Annotations

Branches:
Dungeon (5/15)
 Temple: D:4-7

Altars:
Ashenzari
Dithmenos
Gozag
Makhleb
Sif Muna
Vehumet
Zin

Annotations:
D:3 Purgy
D:4 PeterLawrence's ghost, amateur GrFi
D:5 Uberwunderbarhen's ghost, novice OpFi


Message History

* * * LOW HITPOINT WARNING * * *
You closely miss Uberwunderbarhen's ghost.
Uberwunderbarhen's ghost is severely damaged.
Uberwunderbarhen's ghost hits you but does no damage.
You hit Uberwunderbarhen's ghost.
Uberwunderbarhen's ghost is severely damaged.
Uberwunderbarhen's ghost hits you but does no damage.
You hit Uberwunderbarhen's ghost.
Uberwunderbarhen's ghost is severely damaged.
Uberwunderbarhen's ghost barely misses you.
You barely miss Uberwunderbarhen's ghost.
Uberwunderbarhen's ghost is severely damaged.
Uberwunderbarhen's ghost hits you but does no damage.
You hit Uberwunderbarhen's ghost.
Uberwunderbarhen's ghost is almost destroyed.
Uberwunderbarhen's ghost hits you but does no damage.
Your chain mail prevents you from hitting Uberwunderbarhen's ghost.
Uberwunderbarhen's ghost is almost destroyed.
Uberwunderbarhen's ghost hits you!
You die...

########## #........#
#.######.#
#######.#....#)#
#........@..##.#.#
#.#######W####.#.#
#.# #.........#.#
####.####.#.#######.#
......>............#
. #..####.#.#########
...###..#........#
........)......#.#
.####..##.#.###.#


You could see Uberwunderbarhen's ghost.

Vanquished Creatures
  An ogre (D:5)
  An orc priest (D:3)
  An adder (D:2)
  2 worms (D:2)
  3 orcs (D:3)
  7 bats
  4 giant cockroaches
  7 goblins
  12 hobgoblins
  11 jackals
  A quokka (D:4)
  A ball python (D:2)
  4 giant newts
  11 kobolds
  3 rats
69 creatures vanquished.

Notes
Turn   | Place    | Note
--------------------------------------------------------------
     0 | Abyss:1  | dorian the Hill Orc Abyssal Knight began the quest for the Orb.
     0 | Abyss:1  | Reached XP level 1. HP: 19/19 MP: 2/2
    14 | D:1      | Escaped the Abyss
    70 | D:1      | Reached XP level 2. HP: 9/26 MP: 4/4
   909 | D:1      | Reached XP level 3. HP: 27/31 MP: 5/5
  1093 | D:1      | Reached ** piety under Lugonu
  1221 | D:2      | Found a glowing silver altar of Zin.
  1221 | D:2      | Found a burning altar of Makhleb.
  1222 | D:2      | Noticed an Executioner
  1222 | D:2      | Noticed an angel
  1262 | D:2      | Found a shattered altar of Ashenzari.
  1433 | D:2      | Found a faded altar to an unknown god.
  1557 | D:2      | Reached XP level 4. HP: 18/39 MP: 6/6
  1783 | D:2      | Found a radiant altar of Vehumet.
  1786 | D:2      | Found a deep blue altar of Sif Muna.
  1795 | D:2      | Found a shadowy altar of Dithmenos.
  1977 | D:2      | Reached skill level 4 in Invocations
  2765 | D:3      | Noticed Purgy
  3168 | D:3      | Noticed an ogre
  3389 | D:4      | Reached XP level 5. HP: 41/45 MP: 8/8
  3406 | D:4      | Noticed PeterLawrence's ghost (amateur GrFi)
  3409 | D:5      | Entered Level 5 of the Dungeon
  3416 | D:5      | Found an opulent altar of Gozag.
  3434 | D:5      | Noticed an ogre
  3445 | D:5      | Killed an ogre
  3445 | D:5      | Reached *** piety under Lugonu
  3445 | D:5      | Reached skill level 5 in Invocations
  3477 | D:5      | Noticed Uberwunderbarhen's ghost (novice OpFi)
  3508 | D:5      | Slain by Uberwunderbarhen's ghost

Action                   |  1- 3 |  4- 6 || total
-------------------------+-------+-------++-------
Melee: Hand axe          |   169 |   175 ||   344
Invok: Banish            |       |     1 ||     1
  Use: Scroll            |       |     4 ||     4
       Potion            |       |     6 ||     6
  Eat: Chunk             |     1 |     3 ||     4
       Bread ration      |       |     1 ||     1
